[Event "Late-Titled-Tuesday-Blitz-May-28-2024"]
[Site "Chess.com"]
[Date "2024.05.28"]
[Round "1"]
[White "MusicCityMaster"]
[Black "Bryanl106"]
[Result "0-1"]
[WhiteElo "2387"]
[BlackElo "2672"]
[TimeControl "180+1"]
[EndTime "14:08:24 PDT"]
[Termination "Bryanl106 won on time"]

1. d4 Nf6 2. c4 c5 3. d5 g6 4. Nc3 Bg7 5. e4 d6 6. Nf3 O-O 7. h3 e6 8. Bd3 Na6 9. O-O Nc7 10. Bf4 exd5 11. cxd5 b5 12. Bxb5 Nxb5 13. Nxb5 Nxe4 14. Re1 a6 15. Na3 Re8 16. Nc4 a5 17. Qc2 f5 18. Nfd2 Ba6 19. Nxe4 Bxc4 20. Nxd6 Rxe1+ 21. Rxe1 Bxd5 22. Qxc5 Bxa2 23. Re8+ Qxe8 24. Nxe8 Rxe8 25.
Qxa5 Bc4 26. Qa4 Re4 27. Qa8+ Kf7 28. Bd6 Bxb2 29. Qb7+ Ke6 30. Bb8 Bf6 31. Qxh7 g5 32. Qg8+ Ke7 33. Qc8 Be6 34. Qc5+ Kf7 35. Qa7+ Kg6 36.
Bd6 Bf7 37. f3 Re1+ 38. Kh2 Re6 39. Qd7 Re2 40. Bb8 Be8 41. Qd5 Bf7 42. Qc6 Be8 43. Qa6 Re7 44. Bd6 Re6 45. Qa3 Bf7 46. Bb8 Re8 47.
Bc7 Re6 48. f4 Rc6 49. fxg5 Bxg5 50. Be5 Re6 51. Bd4 Bf4+ 52. Kg1 Re1+ 53. Kf2 Re4 54. Qa6+ Re6 55. Qb6 Bh6 56. Qd8 Re4 57. Bc3 Rf4+ 58. Ke2 Re4+ 59. Kd3 Bc4+ 60. Kc2 Re2+ 61. Bd2 Rxd2+ 62.
Qxd2 Bxd2 63. Kxd2 Kg5 64. Ke3 Bd5 65. g3 Bg2 66. h4+ Kg4 67. Kf2 Be4 68. h5 Kxh5 69. Ke3 Kg4 70. Kf2 Bd5 0-1

[Event "Late-Titled-Tuesday-Blitz-May-28-2024"]
[Site "Chess.com"]
[Date "2024.05.28"]
[Round "1"]
[White "carokannlover213"]
[Black "Hakiki_satranc"]
[Result "1-0"]
[WhiteElo "2735"]
[BlackElo "2423"]
[TimeControl "180+1"]
[EndTime "14:08:25 PDT"]
[Termination "carokannlover213 won by resignation"]

1. e4 c5 2. Nf3 Nc6 3. d4 cxd4 4. Nxd4 Nf6 5. Nc3 e5 6. Ndb5 d6 7. Nd5 Nxd5 8. exd5 Nb8 9. Bd2 Be7 10. a4 O-O 11.
Be2 f5 12. O-O Nd7 13. a5 Nc5 14. f3 Bd7 15. b4 Na6 16. Na3 Bg5 17. Qc1 Bxd2 18.
Qxd2 Rc8 19. c4 Kh8 20. Rac1 Rf6 21. c5 dxc5 22. Bxa6 Rxa6 23. Rxc5 Rxc5 24. bxc5 Qxa5 25. Qxa5 Rxa5 26. Rb1 Rxc5 27. Rxb7 Bc8 28. Re7 Kg8 29. d6 Kf8 30. Rxa7 Ke8 31. Rxg7 Rd5 32. Nc4 Ba6 33. Re7+ Kd8 34. Nxe5 f4 35. h4 Rxd6 36. Rxh7 Rd1+ 37. Kh2 Bb5 38. Nf7+ Ke7 39. Ng5+ Kf6 40.
Nh3 Rd4 41. Rh5 Bc4 42. Rg5 Bd3 43. Nf2 Bf5 44. Ng4+ Bxg4 45. fxg4 Rc4 46. Rf5+ Kg6 47. h5+ Kh6 48. Kh3 Rc3+ 49. Kh4 Rc4 50. Rf6+ Kg7 51. Rf5 Kh6 52. g3 f3 53. Rf6+ Kg7 54. Rxf3 Rc1 55. Rf5 Rc7 56. Kg5 Kh7 57. h6 Rc6 58. Rf7+ Kg8 59. Rf6 Rc5+ 60. Kg6 Rc8 61. h7+ Kh8 62. Kh6 Rc6 63. Kg6 Rc8 64. Kh6 Rc6 65. Kg5 Rc5+ 66. Rf5 Rc8 67. Kh5 Kxh7 68. g5 Kg8 69. g6 Rc1 70.
Ra5 Rc8 71. g4 Rb8 72. Kh6 Rc8 73. Rf5 Rd8 74. Rf6 Rc8 75. g7 Rd8 76. g5 Re8 77. Rf8+ Rxf8 78. gxf8=Q+ Kxf8 79. Kh7 Kf7 80. g6+ Kf6 81.
g7 1-0

[Event "Late-Titled-Tuesday-Blitz-May-28-2024"]
[Site "Chess.com"]
[Date "2024.05.28"]
[Round "1"]
[White "SaiHanThiha"]
[Black "baki83"]
[Result "0-1"]
[WhiteElo "2503"]
[BlackElo "2927"]
[TimeControl "180+1"]
[EndTime "14:08:27 PDT"]
[Termination "baki83 won by checkmate"]

1. Nf3 d5 2. g3 Nf6 3. Bg2 g6 4.
b3 Bg7 5. Bb2 O-O 6. O-O c5 7. c4 d4 8. b4 Nc6 9. b5 Nb8 10. a4 Re8 11. d3 e5 12. Nbd2 h6 13.
Re1 Nbd7 14. a5 g5 15. e3 Rb8 16. Nb3 b6 17. axb6 axb6 18. Ra7 Nf8 19. exd4 exd4 20. Rxe8 Qxe8 21. Nfd2 Bg4 22. Qb1 Ng6 23. h3 Bf5 24. Bxd4 cxd4 25. Nxd4 Bd7 26. Nc6 Rc8 27. d4 Qe2 28.
Ne4 Nxe4 29. Qxe4 Qxe4 30. Bxe4 Bxc6 31. bxc6 Bxd4 32. Rd7 Be5 33. Bd5 Nh8 34. Be4 Kg7 35. Rb7 Rc7 36. Rxb6 Ng6 37. Rb5 Kf6 38. Rd5 Ne7 39.
Rd7 Rc8 40. Kg2 Nxc6 41. Bd5 Ne7 42. Kf3 Nxd5 43. cxd5 Rc7 44. Rd8 Ke7 45. Ra8 f5 46. g4 Rc3+ 47. Kg2 fxg4 48. hxg4 Rd3 49. Ra7+ Kf6 50.
Ra6+ Kg7 51. Ra5 Bd6 52. Kf1 Rd4 53. f3 Kf6 54. Ke2 Ke5 55. Ra8 Kxd5 56. Rh8 Bf4 57. Rxh6 Rd2+ 58. Ke1 Kd4 59. Re6 Rh2 60. Re4+ Kd3 61. Re8 Be3 62. Rd8+ Bd4 63. Re8 Rh1# 0-1

[Event "Late-Titled-Tuesday-Blitz-May-28-2024"]
[Site "Chess.com"]
[Date "2024.05.28"]
[Round "1"]
[White "Josetricks"]
[Black "Cayse"]
[Result "0-1"]
[WhiteElo "2462"]
[BlackElo "2847"]
[TimeControl "180+1"]
[EndTime "14:08:27 PDT"]
[Termination "Cayse won by resignation"]

1. e4 e5 2. Nc3 Nf6 3. Bc4 Nc6 4. d3 Bc5 5. f4 d6 6. Nf3 Bg4 7. Na4 Qe7 8. Nxc5 dxc5 9. f5 O-O-O 10. Bg5 h6 11.
Bh4 g5 12. fxg6 fxg6 13. O-O g5 14. Bf2 Nxe4 15. h3 Bh5 16. Qe1 Bxf3 17. dxe4 Bh5 18. c3 Nb8 19. Qe3 Nd7 20. b4 Nb6 21. Qxc5 Qxc5 22.
Be6+ Kb8 23. Bxc5 Na4 24. Be7 Rd2 25. g4 Bg6 26. Bf6 Re8 27. Bf5 Bxf5 28. exf5 Nxc3 29.
Rf3 Ne2+ 30. Kf1 Nd4 31. Rf2 Rd3 32. Re1 Nf3 33. Bg7 Nxe1 34. Kxe1 Rd7 35. f6 Rf7 36. Bxh6 Rh8 37. Bg7 Rxh3 38. Rf5 Kc8 39. Rxe5 Kd7 40. Rxg5 Rg3 41. Kf2 Ra3 42. Re5 Rxa2+ 43. Kf3 Ra3+ 44. Kf4 Ra6 45. g5 Re6 46. Rxe6 Kxe6 47. g6 Rxf6+ 48. Kg5 Rf5+ 49. Kh6 Rf1 50. Bd4 Rh1+ 51. Kg7 b6 52. Kf8 Rf1+ 53. Ke8 Rf4 54. g7 Rg4 55. Kd8 Kd5 56.
Bf6 c5 57. bxc5 Kxc5 58. Ke7 a5 59. Kf7 b5 60. g8=Q Rxg8 61. Kxg8 b4 62. Kf7 Kc4 63.
Ke6 a4 64. Ke5 a3 65. Ke4 b3 66. Ke3 b2 67. Kd2 b1=Q 0-1

[Event "Late-Titled-Tuesday-Blitz-May-28-2024"]
[Site "Chess.com"]
[Date "2024.05.28"]
[Round "1"]
[White "DucksParadise"]
[Black "ritanovikova"]
[Result "1-0"]
[WhiteElo "2560"]
[BlackElo "2169"]
[TimeControl "180+1"]
[EndTime "14:08:27 PDT"]
[Termination "DucksParadise won on time"]

1. a4 Nf6 2. Ra3 e5 3. b3 Bxa3 4. Nxa3 d6 5. Bb2 Be6 6. g3 Bd5 7. Nf3 Bxf3 8. exf3 O-O 9. Bg2 Nc6 10. O-O a6 11. d3 Re8 12. Qd2 Qd7 13. f4 Qf5 14.
fxe5 Nxe5 15. Bxe5 Qxe5 16. Bxb7 Ra7 17. Bg2 d5 18. d4 Qe2 19. Qc3 Qe7 20. Qc5 Qxc5 21. dxc5 c6 22. Rd1 Rae7 23. Kf1 Ne4 24. Bxe4 Rxe4 25. c4 dxc4 26. Nxc4 g6 27. Rd7 R8e7 28. Rd8+ Kg7 29. Rc8 Re1+ 30. Kg2 Rb1 31. Na5 Re2 32. Rxc6 Rbb2 33. Kf3 f5 34. Rxa6 Rxf2+ 35. Ke3 Rfe2+ 36. Kd3 Rbc2 37. c6 Red2+ 38. Ke3 Re2+ 39. Kf4 Re4+ 40.
Kf3 Rc3+ 41. Kg2 Re2+ 42. Kh3 Rcc2 43. g4 Rxh2+ 44. Kg3 Rhg2+ 45. Kf4 Rgf2+ 46. Ke5 Rfe2+ 47. Kd6 Red2+ 48. Kc7 fxg4 49. Nc4 Re2 50. Kb6 g3 51. c7 Re8 52. Ra7 g2 53. c8=Q+ Kh6 54. Qg4 1-0

[Event "Late-Titled-Tuesday-Blitz-May-28-2024"]
[Site "Chess.com"]
[Date "2024.05.28"]
[Round "1"]
[White "jlf287"]
[Black "Hrant_ChessMood"]
[Result "1-0"]
[WhiteElo "2515"]
[BlackElo "2891"]
[TimeControl "180+1"]
[EndTime "14:08:32 PDT"]
[Termination "jlf287 won on time"]

1. d4 Nf6 2. c4 g6 3. Nc3 Bg7 4.
e4 d6 5. Nf3 O-O 6. Be2 Bg4 7. Be3 e5 8. dxe5 Bxf3 9. Bxf3 dxe5 10. O-O Qxd1 11. Rfxd1 c6 12. Rd2 Re8 13. Rad1 Bf8 14.
a3 Be7 15. g3 a5 16. Kg2 Na6 17. Na4 b5 18. Nb6 Rab8 19. cxb5 cxb5 20. Nd5 Nxd5 21. exd5 Bd6 22. Rc2 Red8 23. Rc6 Nc7 24. Bb6 Rxb6 25. Rxb6 b4 26. a4 Ne8 27. Ra6 Bc7 28. Rc1 Kg7 29.
Ra7 Bb6 30. Rb7 Bd4 31. b3 Nd6 32. Rbc7 e4 33. Be2 Bc3 34. Ra7 Nf5 35. Rxa5 e3 36. fxe3 Nxe3+ 37. Kf3 Nf5 38. Bc4 Re8 39. Rd1 Re3+ 40.
Kf2 Re5 41. Ra7 Nd6 42. Rd7 Rf5+ 43. Kg2 Rf6 44. a5 Nxc4 45. bxc4 Ra6 46. c5 b3 47. c6 Rxa5 48. Rb7 b2 49. c7 Ra1 50. Rd3 Bf6 51.
c8=Q Ra2 52. Rxf7+ Kxf7 53. Qb7+ Kg8 54. Kh3 Ra1 55.
Rb3 Rc1 56. Rxb2 1-0

[Event "Late-Titled-Tuesday-Blitz-May-28-2024"]
[Site "Chess.com"]
[Date "2024.05.28"]
[Round "1"]
[White "andrew-blr"]
[Black "sleeping_in_the_fire"]
[Result "0-1"]
[WhiteElo "2628"]
[BlackElo "2392"]
[TimeControl "180+1"]
[EndTime "14:08:32 PDT"]
[Termination "sleeping_in_the_fire won on time"]

1. d4 Nf6 2. c4 e6 3. Nc3 Bb4 4. a3 Bxc3+ 5. bxc3 c5 6. f3 Nc6 7. e4 d6 8. Ne2 O-O 9. Be3 Qa5 10. Kf2 b6 11. g4 Ba6 12. g5 Nd7 13. h4 Bxc4 14. h5 e5 15. d5 Ne7 16. Bh3 f5 17. gxf6 Nxf6 18. Ng3 Qxc3 19. Rc1 Qd3 20. Kg2 Qxe3 21. Rxc4 Kh8 22. a4 Qg5 23. Be6 Ne8 24. h6 g6 25.
Qc1 Qxc1 26. Rhxc1 Nc7 27. Bg4 a6 28. R4c2 b5 29. Ra2 Ng8 30. Bd7 Nxh6 31. Bc6 Rac8 32. axb5 axb5 33. Ra7 Rf7 34. Rh1 Ng8 35. Bxb5 Rcf8 36.
Be2 Ne8 37. Ra6 Ngf6 38. Nf1 Nh5 39. Kf2 Nf4 40. Bd1 Rf6 41. Ke3 Kg7 42. Ra7+ R8f7 43.
Ra8 Nc7 44. Rb8 Na6 45. Rb6 Nb4 46. Nd2 Ra7 47. Rb8 Ra3+ 48. Kf2 Nbd3+ 49. Kg3 Nb4 50.
Rb7+ Rf7 51. Rxf7+ Kxf7 52. Nc4 Ra6 53. Rxh7+ Kf6 54. Rd7 Nh5+ 55. Kg4 Nd3 56. Be2 Nf2+ 57. Kh4 Ra1 58. Rxd6+ Kg7 59. Rd7+ Kh6 0-1

[Event "Late-Titled-Tuesday-Blitz-May-28-2024"]
[Site "Chess.com"]
[Date "2024.05.28"]
[Round "1"]
[White "Grischuk"]
[Black "Hananmo"]
[Result "1-0"]
[WhiteElo "3134"]
[BlackElo "2536"]
[TimeControl "180+1"]
[EndTime "14:08:38 PDT"]
[Termination "Grischuk won on time"]

1. d4 Nf6 2. c4 e6 3. Bg5 h6 4. Bh4 d5 5. e3 Be7 6. Nc3 O-O 7. Qc2 a6 8. Rd1 dxc4 9. Bxc4 b5 10. Be2 Bb7 11.
Bf3 Qc8 12. Bxf6 Bxf6 13. Ne4 Nd7 14. Rc1 Bxe4 15. Bxe4 Ra7 16. Nf3 Nb6 17. O-O Qd8 18. Rfd1 Qd6 19. b3 Rc8 20. Qc5 Rd8 21. g3 Be7 22. Qc2 Nd7 23. Kg2 Nf6 24. Ne5 Nxe4 25. Qxe4 Re8 26. Qf3 f6 27. Ng6 Rd8 28. Rc6 Qd7 29.
Rdc1 Bd6 30. h4 Qf7 31. h5 Raa8 32. Qe4 Rab8 33. Rxa6 b4 34. Rcc6 Re8 35. Rc4 Qd7 36.
Qc6 Qxc6+ 37. Rcxc6 Rb5 38. g4 Rg5 39. f3 f5 40. Kh3 fxg4+ 41. fxg4 Rb5 42. Rc2 Rbb8 43.
Rf2 Ra8 44. Rxa8 Rxa8 45. Kg2 Re8 46. Kf3 Ra8 47. Ke4 Ra5 48. Kd3 Rg5 49. Rg2 Ra5 50.
e4 e5 51. dxe5 Bxe5 52. Rf2 Bd6 53. e5 Bc5 54. Rc2 Kh7 55. Ke4 Bb6 56. Rd2 Ra8 57. Kf5 Re8 58. e6 Kg8 59. Rd7 Ra8 60. e7 Re8 61. Ke6 Bc5 62. Rd8 1-0

[Event "Late-Titled-Tuesday-Blitz-May-28-2024"]
[Site "Chess.com"]
[Date "2024.05.28"]
[Round "1"]
[White "WoodlandMagic"]
[Black "ExchangeAB"]
[Result "0-1"]
[WhiteElo "2834"]
[BlackElo "2480"]
[TimeControl "180+1"]
[EndTime "14:08:44 PDT"]
[Termination "ExchangeAB won by resignation"]

1. d4 d5 2. Nc3 c6 3. Bf4 Nf6 4. e3 Bf5 5. f3 e6 6. g4 Bg6 7. h4 h5 8. g5 Ng8 9. Bd3 Ne7 10.
Nge2 Nf5 11. Qd2 Bd6 12. O-O-O O-O 13. Bxf5 Bxf5 14. e4 Bg6 15. Bxd6 Qxd6 16. Nf4 Nd7 17. a3 Rad8 18. Qe3 b5 19. Nce2 a5 20. e5 Qe7 21.
Ng3 Nb6 22. Ngxh5 b4 23. Nf6+ gxf6 24. gxf6 Qa7 25. b3 a4 26. Rdg1 axb3 27. Nxg6 Qxa3+ 28. Kd1 bxc2+ 29. Ke2 Qxe3+ 30. Kxe3 fxg6 31. h5 c1=Q+ 32. Rxc1 g5 33. Rcg1 Nc4+ 34. Kd3 Rf7 35. Rxg5+ Kh8 36. h6 b3 37. Rg7 Rdf8 38. Rhg1 b2 39. Kc2 Ne3+ 40.
Kxb2 Nf5 41. Kc3 Nxh6 42. R7g6 Rh7 43. Kd3 Nf5 44. Rc1 Rh6 45. Rxh6+ Nxh6 46. Rxc6 Re8 47. Rc7 Nf5 48. f4 Rf8 49. Kc3 Re8 50. Rc6 Kh7 51.
Ra6 Kg6 52. Kd3 Kf7 53. Ra7+ Kg6 54. Ra6 Kf7 55. Ra1 Kg6 56. Ra7 Rb8 57. Ra6 Rb3+ 58. Kd2 Nxd4 59. Rd6 Rb8 60. Kd3 Nf5 61. Rxe6 Kf7 62.
Rc6 Rb3+ 63. Kd2 Rb4 64. Rc7+ Ke6 65. Rc6+ Kf7 66. Rc7+ Kg6 67. Rc6 Rxf4 68. Ke2 Re4+ 69. Kf3 Rxe5 70. Kf4 Re4+ 71. Kf3 Kf7 72. Kf2 Re6 73. Kf3 Rxc6 0-1

[Event "Late-Titled-Tuesday-Blitz-May-28-2024"]
[Site "Chess.com"]
[Date "2024.05.28"]
[Round "1"]
[White "RandomNoob04"]
[Black "dealshark"]
[Result "1-0"]
[WhiteElo "2769"]
[BlackElo "2439"]
[TimeControl "180+1"]
[EndTime "14:08:47 PDT"]
[Termination "RandomNoob04 won by resignation"]

1. e4 c6 2. d4 d5 3. exd5 cxd5 4. c4 Nf6 5. Nc3 Nc6 6. Bg5 dxc4 7. Bxc4 h6 8. Bh4 Qxd4 9. Qxd4 Nxd4 10. O-O-O e5 11. f4 Bg4 12. Nf3 Bxf3 13. gxf3 Rc8 14. fxe5 Rxc4 15.
exf6 Ne6 16. Bf2 gxf6 17. Bxa7 Bb4 18. Kc2 Bxc3 19. bxc3 Ra4 20. Be3 Rxa2+ 21. Kb3 Ra6 22. Rhg1 Ke7 23. Rge1 Rc8 24. Bxh6 Rb6+ 25. Kc2 Rbc6 26.
Rd3 b5 27. Kd2 Rc4 28. f4 Rh8 29. Rh3 Kd7 30. f5 Nc5 31. Ree3 Re8 32. Rxe8 Kxe8 33. Re3+ Kd7 34. Bg7 Ne4+ 35. Kd3 Nc5+ 36. Kc2 Ne4 37. Kb2 Kd6 38. h4 Ke5 39. Rf3 b4 40. cxb4 Rxb4+ 41. Ka3 Rb1 42. h5 Rh1 43. h6 Ng5 44. Rf2 Rh4 45. Bf8 Ke4 46. Rf1 Ke5 47. Kb3 Ne4 48.
Kc2 Ng3 49. Re1+ Kxf5 50. Bg7 Kg6 51. Rg1 Rg4 52. Kd3 f5 53. Ke3 Nh5 54. Rh1 Nxg7 55. h7 Re4+ 56. Kf3 Re8 57. h8=Q Rxh8 58. Rxh8 Kf6 59. Rh6+ Kg5 60. Rh7 Kg6 61. Rh8 Kf6 62. Ra8 Kg6 63. Ra6+ f6 64. Kf4 Nh5+ 65. Kf3 Kg5 66.
Ra8 Kg6 67. Rg8+ Ng7 68. Ra8 Kg5 69. Ra1 f4 70. Rg1+ Kh6 71. Kxf4 Nh5+ 72. Kf5 Ng7+ 73. Kxf6 Nh5+ 74. Kf7 Nf4 75. Rg4 Kh5 76. Rxf4 Kg5 77. Rf1 1-0

[Event "Late-Titled-Tuesday-Blitz-May-28-2024"]
[Site "Chess.com"]
[Date "2024.05.28"]
[Round "1"]
[White "Fonsofan"]
[Black "ChessWarrior3"]
[Result "1-0"]
[WhiteElo "2795"]
[BlackElo "2447"]
[TimeControl "180+1"]
[EndTime "14:08:50 PDT"]
[Termination "Fonsofan won by resignation"]

1. e4 e5 2. Nf3 Nf6 3. d3 d5 4.
Nbd2 Bg4 5. Be2 dxe4 6. dxe4 Nc6 7. c3 a5 8. O-O Bc5 9. Bb5 O-O 10. Bxc6 bxc6 11. Qe2 Qe7 12. h3 Bh5 13. Nc4 Bg6 14. Bg5 Rfe8 15. Nfxe5 h6 16. Nxg6 fxg6 17. Bxf6 Qxf6 18.
Kh1 Re6 19. Rad1 Bb6 20. Nxb6 cxb6 21. f3 Rd8 22. Rxd8+ Qxd8 23. Rd1 Rd6 24. Qc4+ Kh7 25. Rd4 b5 26. Qxc6 Rxd4 27. cxd4 Qxd4 28. Qxb5 Qe3 29.
Qe5 a4 30. Qc3 Qf2 31. Kh2 h5 32. Qe5 Qd2 33. Qc3 Qf2 34. a3 h4 35. Qe5 Qd2 36. Kg1 Qe1+ 37. Kh2 Qd2 38. f4 Qf2 39. Qg5 Kg8 40. e5 Kf7 41. Qg4 Kf8 42. Qc8+ Ke7 43. Qc7+ Ke8 44. Qb8+ Ke7 45. Qd6+ Kf7 46. e6+ Kf6 47.
Qe5+ Ke7 48. Qxg7+ Kxe6 49. Qxg6+ Ke7 50. Qe4+ Kf6 51.
Qe5+ Kf7 52. f5 Kf8 53. Qf6+ Ke8 54. Qe6+ Kf8 55. Qh6+ Kf7 56. Qg6+ Kf8 57. Qf6+ Ke8 58. Qc6+ Ke7 59. Qe4+ Kf7 60. Qg4 Qxb2 61. Qxh4 Qxa3 62.
Qh5+ Kf8 63. Qh6+ Ke7 64. Qe6+ Kd8 65. f6 Qc5 66. f7 Qc7+ 67. Kg1 Qc1+ 68. Kf2 Qd2+ 69.
Kf3 Qd3+ 70. Kg4 Qd4+ 71. Kh5 Qh8+ 72. Kg6 Qf8 73. Qf6+ Kd7 74. Qd4+ Ke6 75. Qe4+ Kd6 76. Qb4+ Ke6 77. Qxf8 1-0

[Event "Late-Titled-Tuesday-Blitz-May-28-2024"]
[Site "Chess.com"]
[Date "2024.05.28"]
[Round "1"]
[White "dawid498"]
[Black "janhelmer03"]
[Result "1/2-1/2"]
[WhiteElo "2667"]
[BlackElo "2400"]
[TimeControl "180+1"]
[EndTime "14:08:52 PDT"]
[Termination "Game drawn by repetition"]

1. e4 c5 2. Nc3 Nc6 3. Bb5 g6 4. Bxc6 dxc6 5. d3 Bg7 6. Be3 b6 7. Qd2 e5 8. Nge2 Be6 9. b3 Qe7 10. O-O Nf6 11. Bh6 Bxh6 12. Qxh6 O-O-O 13. f3 Nd7 14. Qe3 g5 15. a3 Kb7 16. Rfb1 h5 17.
b4 f6 18. Kh1 c4 19. d4 exd4 20. Nxd4 Ne5 21. a4 Rd7 22. a5 b5 23. a6+ Ka8 24. Nce2 Rhd8 25. c3 Rd6 26. Rf1 Bc8 27.
Ng3 Qf7 28. Ngf5 Bxf5 29. exf5 Qd7 30. Rae1 h4 31. h3 Nd3 32. Rd1 Re8 33. Ne6 Rdxe6 34. fxe6 Rxe6 35. Qd2 Qe7 36. Qc2 Re2 37. Rd2 Re1 38.
Rd1 Rxf1+ 39. Rxf1 Qe3 40. Qd1 Kb8 41. Qc2 Kc7 42.
Qd1 Nf2+ 43. Rxf2 Qxf2 44. Qb1 Kb6 45. Qh7 Qe1+ 46. Kh2 Kxa6 47. Qd7 Kb6 48. Qd8+ Kb7 49. Qd7+ Kb6 50. Qd8+ Kb7 51. Qxf6 Qg3+ 52. Kh1 Qf4 53. Qe7+ Qc7 54. Qxg5 a5 55. bxa5 Qxa5 56. Qe7+ Ka6 57. Qf6 Qa1+ 58. Kh2 Qe1 59. Qxc6+ Ka5 60. Qa8+ Kb6 61.
Qb8+ Kc5 62. Qc7+ Kd5 63. Qd7+ Kc5 64. Qc7+ Kd5 65. Qb7+ Kc5 66. Qa7+ Kc6 67. Qa6+ Kc5 68. Qc8+ Kb6 69. Qd8+ Ka6 70. Qd6+ Ka5 71. Qb4+ Kb6 72.
Qd6+ Ka5 73. Qf6 Qg3+ 74. Kg1 Qe1+ 75. Kh2 Qg3+ 76. Kh1 Qe1+ 77. Kh2 1/2-1/2

[Event "Late-Titled-Tuesday-Blitz-May-28-2024"]
[Site "Chess.com"]
[Date "2024.05.28"]
[Round "1"]
[White "JaackCamel"]
[Black "Sondremelaa"]
[Result "0-1"]
[WhiteElo "2234"]
[BlackElo "2576"]
[TimeControl "180+1"]
[EndTime "14:08:55 PDT"]
[Termination "Sondremelaa won on time"]

1. d4 d5 2. c4 c6 3. cxd5 cxd5 4.
Bf4 Nc6 5. e3 Nf6 6. Nc3 a6 7.
Bd3 Bg4 8. Nf3 e6 9. O-O Bd6 10. Bxd6 Qxd6 11. h3 Bh5 12. Rc1 O-O 13. Na4 Rac8 14.
Nc5 Qe7 15. Be2 Rc7 16. Nd3 Rfc8 17. Nfe5 Bxe2 18. Qxe2 Ne4 19. Nxc6 Rxc6 20. Rxc6 Rxc6 21. Ne5 Rc7 22. Rd1 f6 23. Nd3 Qd6 24. Qe1 Rc2 25. Rc1 Qc7 26. Qd1 Rxc1 27. Qxc1 Qxc1+ 28. Nxc1 Kf7 29. Kf1 Ke7 30. Ke2 Kd6 31. Nb3 b6 32. Nd2 Ng5 33. Kd3 e5 34. Nb3 a5 35. Nd2 Ne6 36. Nb3 Kc6 37.
Nd2 Kb5 38. Nb3 a4 39. Nd2 Kb4 40. a3+ Kb5 41. g3 h5 42. h4 e4+ 43. Kc2 g5 44.
Nb1 Ng7 45. Nc3+ Kc6 46. Nxa4 gxh4 47. gxh4 Nf5 48. Kd2 Nxh4 49. Ke2 Nf3 50. Kf1 h4 51. Kg2 Kb5 52. Nc3+ Kc4 53. a4 Ng5 54. Nb5 Kb3 55. Nc3 Kc4 56. Kh2 f5 57. Kg2 Ne6 58. Kh3 Nc7 59. Kxh4 Kb3 60. Kg5 Kxb2 61. Nb5 Na6 62.
Kxf5 Kb3 63. Ke5 Kxa4 64. Nd6 Nc7 65. Nb7 b5 66. Kd6 Na6 67. Kxd5 b4 68. Nd6 b3 69. Nc4 Kb4 70. Nb2 Kc3 71. Na4+ Kd3 72. Ke5 Nb4 73. Nc5+ Kc3 74. Kxe4 Kc4 75. Na4 Nd3 0-1

[Event "Late-Titled-Tuesday-Blitz-May-28-2024"]
[Site "Chess.com"]
[Date "2024.05.28"]
[Round "1"]
[White "lucasran"]
[Black "osielchesslover2011"]
[Result "1-0"]
[WhiteElo "2580"]
[BlackElo "2252"]
[TimeControl "180+1"]
[EndTime "14:09:00 PDT"]
[Termination "lucasran won by resignation"]

1. Nf3 Nf6 2. c4 g6 3. g3 Bg7 4. Bg2 O-O 5. O-O d6 6. d4 Nbd7 7. Nc3 c5 8. d5 a6 9. a4 Qc7 10. e4 Ne5 11. Nxe5 dxe5 12. h3 Ne8 13. Qc2 Nd6 14.
b3 f5 15. exf5 Nxf5 16. Ne4 Nd4 17. Qd1 Bf5 18. Kh2 Rad8 19. Ba3 Bxe4 20. Bxe4 b6 21. Qd3 a5 22. Rae1 Qd6 23. Bc1 Rf7 24. Kg2 Rdf8 25. f3 Kh8 26. Rf2 Qf6 27. h4 Nf5 28. Bg5 Qd6 29.
Rh1 h6 30. Bc1 Qf6 31. Rh3 Rd8 32. Bd2 e6 33. Rf1 exd5 34. Bxd5 Ne7 35. Bg5 Qd6 36. Bxe7 Rxe7 37. h5 g5 38. Qe4 Qf6 39. Re1 Rf8 40. Qg4 Qd6 41. Re4 Ree8 42. Rh1 Rf6 43. Rc1 Ref8 44.
Re2 Qc7 45. Rd1 Qb8 46. Be4 Rd6 47. Red2 Rxd2+ 48. Rxd2 Qc7 49. Rd7 Qc8 50. Qe6 Qe8 51.
Qg4 Qb8 52. Rd5 Qc8 53. Rd7 Qb8 54. Qe6 Qc8 55. Qe7 Rg8 56. Bd5 Qf8 57. Bxg8 Qxe7 58.
Rxe7 Kxg8 59. Re6 Bf8 60. Rxb6 Kf7 61. g4 Be7 62. Rb5 Bd8 63. Rxc5 Ke6 64. Rd5 Be7 65. Rxa5 Bb4 66. Rd5 Bc3 67. a5 Bb4 68. a6 Bd6 69. a7 1-0

[Event "Late-Titled-Tuesday-Blitz-May-28-2024"]
[Site "Chess.com"]
[Date "2024.05.28"]
[Round "1"]
[White "Zapateado"]
[Black "prime-morty"]
[Result "1-0"]
[WhiteElo "2377"]
[BlackElo "2632"]
[TimeControl "180+1"]
[EndTime "14:09:03 PDT"]
[Termination "Zapateado won by checkmate"]

1. c4 d6 2. Nc3 g6 3. g3 Bg7 4.
Bg2 e5 5. d3 Ne7 6. e4 h5 7. h3 h4 8. g4 Nbc6 9. Nge2 f5 10.
gxf5 gxf5 11. Bg5 f4 12. Nd5 Be6 13. Nec3 Qd7 14. Bf6 Nxd5 15. Nxd5 Bxd5 16. exd5 Nd4 17. Bxg7 Qxg7 18. Be4 O-O-O 19. Rc1 Kb8 20. Qg4 Rdg8 21. Qxg7 Rxg7 22. Kd2 Rhg8 23. b4 b6 24. c5 Kb7 25.
Rhf1 Rd8 26. Rg1 Rdg8 27. Rgf1 Rg5 28. Rc3 Rg1 29. Rcc1 Rxf1 30. Rxf1 Kc8 31. Rc1 Kd7 32. c6+ Kc8 33. Rf1 Kd8 34. a4 Ke7 35. a5 bxa5 36. bxa5 Rb8 37. Rg1 Kf7 38. Rg5 Rb2+ 39. Kc1 Rxf2 40.
Rh5 f3 41. Rh7+ Ke8 42. Rxc7 Rc2+ 43. Kb1 f2 44. Bg2 Rd2 45. Rc8+ Ke7 46. Rh8 Rc2 47.
Rh7+ Kf6 48. Rh8 Kg5 49. Rf8 Rc3 50. c7 Rxc7 51. Rxf2 Rb7+ 52. Kc1 Rb5 53. Be4 Rxa5 54. Rg2+ Kf4 55. Rg4+ Ke3 56. Rxh4 Ra1+ 57. Kb2 Rg1 58. Rh6 Nb5 59. h4 Rf1 60. h5 Rf2+ 61. Kb3 Rh2 62. Rh7 a5 63. Ka4 Nd4 64. Kxa5 Ra2+ 65. Kb6 Rc2 66.
Rh6 Rb2+ 67. Kc7 Nb5+ 68. Kd7 Rh2 69. Rh8 Kf4 70. h6 Kg5 71. h7 Kf6 72. Rf8+ Kg7 73.
Rg8+ Kf7 74. h8=Q Rc2 75. Qh7+ Kf6 76. Rg6# 1-0

[Event "Late-Titled-Tuesday-Blitz-May-28-2024"]
[Site "Chess.com"]
[Date "2024.05.28"]
[Round "1"]
[White "Pitomina"]
[Black "kirillshevchenko"]
[Result "0-1"]
[WhiteElo "2490"]
[BlackElo "2897"]
[TimeControl "180+1"]
[EndTime "14:09:10 PDT"]
[Termination "kirillshevchenko won by resignation"]

1. e4 b6 2. d4 Bb7 3. Bd3 d6 4. Nf3 Nd7 5. O-O e5 6. c3 g6 7. Re1 Bg7 8. a4 a6 9. Bg5 Ne7 10.
Nbd2 O-O 11. dxe5 dxe5 12. Nc4 f6 13. Be3 Nc6 14. Qb3 Kh8 15. Rad1 Qe7 16. Rd2 Nc5 17. Bxc5 Qxc5 18. Red1 Bh6 19. Re2 Rad8 20. Ne3 Ne7 21. Qc2 a5 22. Ng4 Bg7 23. Rde1 Rd6 24. Rd2 Rfd8 25. Red1 h5 26. Ne3 Bh6 27. Re1 Kh7 28.
h3 R6d7 29. Bb5 Rxd2 30. Nxd2 Nc8 31. Ndf1 Nd6 32. Bd3 c6 33. Rd1 Nc8 34. Be2 Rxd1 35. Qxd1 Qd6 36. Nc4 Qxd1 37. Bxd1 Bc1 38. g4 hxg4 39.
Bxg4 Ba6 40. Nfe3 Bxe3 41. Nxe3 Nd6 42. Bd7 Bb7 43. f3 Kg7 44. Kf2 Kf7 45. h4 Ke7 46. Bh3 Ba6 47. Bf1 Bc8 48. Bd3 Be6 49. Bc2 b5 50.
axb5 cxb5 51. Kg3 b4 52. cxb4 axb4 53. Bd3 Nb7 54. f4 Nc5 55. Bc2 exf4+ 56. Kxf4 b3 57. Bb1 Na4 58. Nd1 Kd6 59. Bd3 Kc5 60. e5 Kd4 61.
Bxg6 fxe5+ 62. Kf3 Bd5+ 63. Ke2 Bc4+ 64. Kd2 e4 65. h5 Bd3 66. Ke1 Ke5 67. h6 Kf6 68. h7 Kg7 69. Kd2 Nc5 70. Nc3 e3+ 71. Kxe3 Bxg6 72. Kd4 Nd3 73. Nd5 Nc1 74. Kc3 Bxh7 75.
Ne3 Bg8 76. Nf5+ Kf6 77. Nd4 Ke5 78. Kd2 Na2 79. Nb5 Kd5 80. Nc7+ Kc5 81. Na6+ Kc6 82. Nb8+ Kc7 83. Nd7 Kxd7 84. Kd3 Kc6 85. Kd4 Kb5 0-1

[Event "Late-Titled-Tuesday-Blitz-May-28-2024"]
[Site "Chess.com"]
[Date "2024.05.28"]
[Round "1"]
[White "sammartin99"]
[Black "Oleg_Papayan"]
[Result "1/2-1/2"]
[WhiteElo "2302"]
[BlackElo "2594"]
[TimeControl "180+1"]
[EndTime "14:09:24 PDT"]
[Termination "Game drawn by repetition"]

1. d4 d5 2. c4 dxc4 3. e4 e5 4.
Nf3 exd4 5. Bxc4 Nc6 6. O-O Be6 7. Bb5 Bc5 8. b4 Bb6 9. a4 a5 10. bxa5 Bxa5 11. Nxd4 Bd7 12. Nf5 Qf6 13. Ra2 Bxf5 14.
exf5 Ne7 15. Bb2 Qxf5 16. Bxg7 Rg8 17. Ba1 Rd8 18. Qe2 Qe6 19. Nc3 Qxe2 20. Rxe2 Kf8 21. Ne4 Nd4 22. Bxd4 Rxd4 23. Nf6 Rg6 24. Nxh7+ Kg7 25.
Rxe7 Kxh7 26. g3 Kg7 27. Re3 Rgd6 28. h4 Rd2 29. Re2 R2d4 30. Rb1 Rg6 31. Kh2 Bb6 32. Be8 Rf6 33. a5 Bc5 34. Rxb7 Bd6 35. Kg2 Rg4 36. a6 Bc5 37. Ra2 Kf8 38. Bd7 Rd4 39. a7 Bxa7 40. Raxa7 Rxd7 41. Rxc7 Rd2 42. Rc8+ Kg7 43.
Rc4 Rfxf2+ 44. Kh3 Rh2+ 45. Kg4 Rd6 46. Rf4 Rg6+ 47.
Kf3 Rf6 48. Rxf6 Kxf6 49. Kg4 Kg7 50. h5 Rc2 51. Ra5 Rc4+ 52. Kh3 Rc3 53. Kh4 Rc1 54. g4 Rc6 55. Ra7 Rd6 56. Kg5 Rd5+ 57. Kf4 Rd4+ 58. Kg3 Rc4 59. Kh4 Rc5 60. Ra6 Rc1 61. h6+ Kh7 62. Kg5 Rc5+ 63. Kh4 Rd5 64. Rf6 Rd7 65. Kg5 Rd5+ 66. Kh4 Rd7 67. Kh5 Rd5+ 68. g5 Rd7 69. Kg4 Ra7 70. Rf4 Kg6 71. Rf6+ Kh7 72.
Kh5 Rb7 73. Rc6 Rd7 74. Rb6 Rc7 75. Ra6 Rd7 76. Ra8 Rb7 77. Rf8 Rc7 78. Re8 Rc1 79.
Re3 Rh1+ 80. Kg4 Rc1 81. Rf3 Rc7 82. Rf6 Rc4+ 83. Rf4 Rc7 84. Kh4 Rd7 85. Rf5 Ra7 86. Kh5 Rb7 87. Rc5 Rd7 88. Rc6 Re7 89. Rf6 Rd7 90.
Ra6 Rb7 91. Rc6 Rd7 92. Ra6 Re7 93. Rb6 Rd7 94. Rc6 Rb7 95. Rd6 Ra7 96. Rf6 Re7 97. Rf5 Rd7 98. Rf4 Rc7 99. Rf6 Rb7 100. Rd6 Ra7 101.
Rc6 Rb7 102. Rd6 1/2-1/2